Map: Amygdala

Players

Serral

  • Race: Zerg Zerg
  • League: Master
  • Spawn Location: 1:00

LiquidClem (Clem) - Winner!

  • Race: Terran Terran
  • League: Grandmaster
  • Spawn Location: 7:00

Event: HomeStory Cup XXVI

VOD

Have the link to the VOD?

Description

Time

  • Played on: Dec. 1, 2024, 3:49 p.m.
  • Length: 10:27

All games in this series

Show
View Real Time Build Order
Export as new Build Order

Serral Zerg 

Build Orders: Hatch First 

Get SALT Encoding   

  12  0:00  Drone  
  13  0:12  Overlord  
  13  0:16  Drone  
  14  0:30  Drone x2  
  16  0:46  Hatchery  
  16  0:49  Drone  
  16  0:52  Drone  
  16  0:55  Drone  
  18  1:07  Extractor  
  17  1:11  Spawning Pool  
  17  1:14  Drone  
  17  1:18  Drone  
  18  1:27  Drone  
  19  1:38  Drone  
  20  1:49  Drone  
  21  1:58  Queen x2  
  21  1:59  Zergling x2  
  21  2:00  Zergling x2  
  27  2:10  Overlord  
  27  2:11  Metabolic Boost  
  27  2:12  Drone  
  28  2:22  Extractor  
  28  2:31  Hatchery, Drone  
  28  2:34  Drone  
  28  2:36  Drone  
  30  2:38  Extractor  
  29  2:46  Drone  
  29  2:47  Drone  
  29  2:50  Queen  
  34  2:56  Overlord  
  34  2:59  Drone  
  34  3:00  Drone  
  36  3:13  Overlord  
  36  3:15  Drone x3  
  36  3:17  Drone x2  
  41  3:22  Queen  
  41  3:24  Drone  
  44  3:33  Queen  
  46  3:38  Drone  
  46  3:39  Overlord  
  46  3:41  Zergling x2  
  48  3:43  Queen  
  48  3:47  Overlord  
  50  3:50  Drone  
  50  3:51  Drone  
  50  3:52  Drone  
  50  3:54  Drone  
  54  4:00  Drone x3  
  57  4:03  Drone  
  57  4:06  Overlord  
  57  4:07  Drone  
  57  4:08  Drone  
  57  4:09  Drone  
  61  4:13  Drone  
  61  4:14  Drone x2  
  61  4:15  Drone  
  65  4:22  Drone  
  65  4:24  Queen  
  66  4:27  Lair  
  66  4:30  Baneling Nest  
  66  4:31  Drone, Extractor  
  67  4:34  Drone x2  
  67  4:38  Queen  
  69  4:42  Overlord  
  69  4:43  Drone  
  69  4:44  Drone  
  73  4:46  Drone  
  73  4:50  Overlord  
  74  4:57  Overlord  
  74  4:58  Hatchery  
  72  5:00  Drone x4  
  72  5:01  Drone  
  72  5:04  Drone x3  
  80  5:08  Zergling x2  
  80  5:11  Overlord  
  80  5:12  Drone x4  
  85  5:17  Extractor  
  85  5:18  Extractor  
  85  5:19  Queen  
  85  5:21  Drone x2  
  87  5:24  Queen  
  87  5:26  Centrifugal Hooks  
  89  5:32  Zergling x4  
  89  5:33  Drone x2, Evolution Chamber  
  89  5:34  Evolution Chamber  
  91  5:36  Zergling x8  
  91  5:39  Overlord  
  91  5:42  Zergling x6  
  98  5:55  Zergling x2  
  98  5:56  Zergling x8  
  103  6:00  Baneling x6  
  103  6:03  Hatchery  
  101  6:07  Zerg Melee Weapons Level 1, Zerg Ground Armor Level 1  
  101  6:08  Zergling x12  
  101  6:11  Overlord  
  107  6:15  Drone x3, Extractor  
  107  6:18  Overlord  
  108  6:19  Drone  
  108  6:23  Zergling x2  
  109  6:27  Zergling x4  
  111  6:34  Zergling x8  
  114  6:40  Zergling x4  
  114  6:41  Zergling x2  
  114  6:45  Zergling x10  
  114  6:46  Hydralisk Den  
  121  6:49  Overlord  
  121  6:50  Hatchery  
  118  6:55  Baneling  
  118  6:56  Baneling x6  
  118  6:58  Zergling x2  
  118  6:59  Zergling x4  
  118  7:00  Overlord  
  121  7:01  Zergling x2  
  121  7:02  Zergling x2  
  121  7:08  Drone x4  
  125  7:10  Overseer  
  125  7:11  Overseer  
  125  7:12  Drone  
  125  7:13  Drone  
  127  7:16  Drone  
  127  7:17  Zergling x8  
  127  7:20  Overlord  
  132  7:25  Zergling x2  
  133  7:31  Zergling x2  
  133  7:32  Zergling x10  
  137  7:37  Baneling x7  
  137  7:38  Zergling x10  
  142  7:45  Zergling x2  
  142  7:46  Zergling x4  
  137  7:55  Zergling x2  
  137  7:57  Zergling x2  
  137  7:58  Zergling x8  
  124  8:02  Zerg Missile Weapons Level 1, Muscular Augments, Zerg Ground Armor Level 2  
  124  8:04  Baneling x9  
  124  8:05  Zergling x4  
  123  8:07  Drone  
  123  8:08  Drone  
  123  8:10  Zergling x2  
  126  8:15  Hydralisk x4  
  134  8:20  Hydralisk x2  
  134  8:22  Queen  
  134  8:29  Hydralisk x2  
  134  8:30  Zergling x4  
  134  8:32  Zergling x12  
  121  8:34  Zergling x2  
  121  8:36  Queen x2  
  121  8:38  Zergling x2  
  121  8:40  Hydralisk x2  
  122  8:46  Hydralisk  
  114  8:48  Zergling x6  
  114  8:51  Zergling x4  
  113  8:56  Zergling x4  
Show
View Real Time Build Order
Export as new Build Order

LiquidClem Terran - Winner!

Build Orders: Reaper Expand 

Get SALT Encoding   

  12  0:00  SCV  
  13  0:12  SCV  
  14  0:16  Supply Depot  
  14  0:24  SCV  
  15  0:38  SCV  
  15  0:39  Barracks  
  15  0:42  Refinery  
  16  0:50  SCV  
  17  1:02  SCV  
  18  1:14  SCV  
  19  1:26  Orbital Command, Reaper  
  20  1:38  Command Center  
  20  1:46  Supply Depot  
  20  1:52  SCV  
  21  1:58  Marine  
  22  2:04  SCV  
  23  2:10  Factory  
  23  2:16  SCV  
  23  2:19  Barracks Reactor  
  24  2:28  SCV  
  25  2:40  Command Center  
  25  2:44  SCV  
  26  2:50  Orbital Command  
  26  2:57  SCV, Barracks  
  27  3:02  Barracks Tech Lab  
  27  3:08  Hellion  
  27  3:10  SCV  
  30  3:14  Hellion  
  30  3:16  SCV  
  33  3:21  Marine  
  33  3:22  SCV  
  33  3:24  Stimpack  
  35  3:29  SCV, Refinery  
  35  3:34  SCV  
  37  3:39  Marine  
  38  3:41  SCV  
  38  3:46  Starport  
  38  3:48  SCV  
  40  3:53  Orbital Command, SCV  
  41  3:56  Marine x2  
  41  3:57  Marine  
  41  4:00  SCV  
  41  4:02  Factory Reactor  
  45  4:05  SCV  
  46  4:12  SCV  
  46  4:13  Marine  
  46  4:14  Supply Depot, Marine  
  46  4:15  Marine  
  50  4:17  SCV  
  50  4:18  Orbital Command  
  51  4:24  SCV, Refinery  
  51  4:30  SCV  
  53  4:31  Marine x2  
  53  4:32  Marine  
  53  4:33  Engineering Bay x2  
  53  4:36  Supply Depot, SCV  
  57  4:41  Medivac  
  57  4:42  SCV, Medivac  
  62  4:48  Factory Tech Lab  
  62  4:49  SCV  
  62  4:50  SCV  
  62  4:51  Barracks  
  64  4:53  Refinery  
  64  4:54  SCV, Marine  
  64  4:55  Marine  
  64  4:56  Marine  
  64  4:59  Supply Depot  
  68  5:01  SCV  
  68  5:02  SCV  
  68  5:06  SCV  
  71  5:08  Terran Infantry Weapons Level 1  
  71  5:12  Marine  
  71  5:13  SCV  
  73  5:14  Terran Infantry Armor Level 1  
  73  5:15  SCV  
  73  5:18  SCV  
  75  5:21  Marine x2  
  75  5:22  Supply Depot  
  75  5:25  SCV  
  75  5:27  Supply Depot, SCV  
  79  5:30  Siege Tank, Marine, SCV  
  84  5:38  SCV  
  84  5:40  Barracks Reactor  
  85  5:43  Supply Depot, SCV, Marine  
  85  5:44  Combat Shield, Marine  
  85  5:46  SCV  
  85  5:47  Supply Depot  
  85  5:48  Marine  
  89  5:50  SCV  
  89  5:55  SCV  
  89  5:56  Supply Depot  
  91  5:57  Medivac  
  91  5:58  SCV  
  91  6:02  SCV, Marine x2  
  97  6:04  Barracks  
  97  6:05  Barracks  
  97  6:07  Siege Tank  
  97  6:08  SCV  
  97  6:10  SCV  
  97  6:11  Supply Depot, Marine  
  103  6:14  SCV  
  104  6:19  Barracks  
  104  6:20  Marine, Barracks x2  
  104  6:22  Marine  
  104  6:23  Marine  
  104  6:25  Marine  
  108  6:28  Marine  
  108  6:31  Supply Depot  
  109  6:32  Medivac  
  109  6:33  Medivac  
  109  6:35  Armory  
  109  6:38  Marine  
  109  6:40  Marine  
  109  6:42  Siege Tank, Marine  
  109  6:43  Supply Depot  
  109  6:46  SCV, Refinery  
  115  6:47  SCV  
  115  6:48  SCV  
  115  6:53  Marine  
  115  6:54  Barracks Reactor  
  119  6:55  Barracks Reactor  
  119  6:56  Marine  
  119  6:57  Supply Depot, Marine  
  119  6:58  Marine  
  121  7:03  Marine  
  121  7:05  Supply Depot, Marine  
  121  7:07  Marine x2  
  124  7:10  Medivac  
  124  7:11  Supply Depot, Marine  
  124  7:13  Medivac  
  124  7:14  Marine  
  124  7:15  Marine  
  131  7:16  Supply Depot, Marine  
  131  7:21  Marine  
  133  7:23  Marine  
  133  7:25  Marine  
  133  7:26  Terran Infantry Weapons Level 2  
  133  7:29  Marine x3  
  137  7:30  Marine  
  137  7:33  Marine x2  
  137  7:34  Marine x2  
  137  7:35  Supply Depot  
  143  7:37  Marine  
  143  7:39  Terran Infantry Armor Level 2  
  143  7:41  Marine  
  143  7:46  Marine x2  
  143  7:47  Marine  
  138  7:57  Siege Tank  
  126  7:58  Marine x8  
  126  7:59  Marine, Medivac  
  126  8:00  Medivac  
  126  8:04  Marine x2  
  141  8:05  Supply Depot  
  141  8:06  Supply Depot  
  141  8:09  Marine  
  141  8:12  Command Center  
  142  8:16  Marine  
  142  8:17  Marine x3  
  142  8:18  Marine  
  142  8:19  Marine x2  
  149  8:20  Supply Depot  
  148  8:29  Liberator  
  131  8:35  Marine x9  
  131  8:36  Marine  
  131  8:37  Marine x2  
  131  8:39  Siege Tank  
  131  8:41  Medivac  
  133  8:52  Marine  
  133  8:53  Marine x5  
  133  8:54  Marine  
  133  8:55  Marine x5  
  142  9:10  Marine x2  
  142  9:11  Medivac  
Tags
 
Add a new tag
Caveats
  • Supply blocks, unpowered buildings, or Contaminate may cause inaccurate times.
  • Supply counts are checked every 10 seconds.